 Dungeon Crawl Stone Soup version 0.27-a0-1122-g2a214b436d (webtiles) character file.

Game seed: 4844601040378898668

32 Gaff the Magician (level 3, 27/27 HPs)
             Began as a Djinni Earth Elementalist on May 3, 2021.
             Was a Follower of Yredelemnul.
             Got out of the dungeon alive.
             The game lasted 00:02:42 (1804 turns).

Gaff the Magician (Djinni Earth Elementalist)       Turns: 1804, Time: 00:02:43

Health: 27/27      AC:  2    Str:  7    XL:     3   Next: 27%
Gold:   22         EV: 12    Int: 17    God:    Yredelemnul [*.....] SH:  0 Dex: 13

rFire    + + .     SeeInvis .   a - +0 club
rCold    x . .     Faith    .   (no shield)
rNeg     . . .     Spirit   .   c - +0 robe
rPois    ∞         Reflect  .   (no helmet)
rElec    .         Harm     .   (no cloak)
rCorr    .         Rampage  .   (no gloves)
Will     .....                  (boots unavailable)
Stlth    ++........             (no amulet)
HPRegen  0.09/turn              (no ring)
MPRegen  0.00/turn              (no ring)

@: flying
A: fire resistance 2, cold vulnerability 1, float, innate caster, hp casting,
extra vitality 1
a: Renounce Religion, Animate Remains


You escaped.
You worshipped Yredelemnul.
Yredelemnul was aware of your devotion.
You visited 1 branch of the dungeon, and saw 2 of its levels.

You collected 22 gold pieces.

Inventory:

Hand Weapons
 a - a +0 club (weapon)
Missiles
 b - 35 stones
Armour
 c - a +0 robe (worn)
Scrolls
 d - a scroll of torment {unknown}
 e - a scroll of noise {unknown}


   Skills:
 + Level 1.2 Fighting
 - Level 2.2 Dodging
 - Level 1.7 Stealth
 * Level 3.3 Spellcasting


You couldn't memorise any spells.
You knew the following spells:

 Your Spells              Type           Power      Damage    Failure   Level
a - Sandblast             Erth           28%        2d8       4%          1
b - Passwall              Tmut/Erth      11%        N/A       6%          2
c - Stone Arrow           Conj/Erth      28%        3d8       13%         3
d - Petrify               Tmut/Erth      14%        N/A       38%         4
e - Lee's Rapid Deconstr  Erth           7%         3d7*      75%         5
f - Corona                Hex            15%        N/A       4%          1
Your spell library was empty.

Dungeon Overview and Level Annotations

Branches:
Dungeon (2/15)

Altars:
Yredelemnul


Innate Abilities, Weirdness & Mutations

You are immune to poison.
Your flesh is very heat resistant. (rF++)
You are vulnerable to cold. (rC-)
You float through the air rather than walking.
You learn spells naturally, not from books.
Your magical power is your life essence.
You have superior vitality. (+4 HP)


Message History

The frilled lizard barely misses you.
You closely miss the frilled lizard.
The frilled lizard unfolds its giant frill.
The frilled lizard bites you.
You miss the frilled lizard. The frilled lizard misses you.
You hit the frilled lizard.
You kill the frilled lizard!
You see here a frilled lizard corpse.
You start resting.
HP restored.
You see here a +0 club.
There is a stone staircase leading down here.
You fly downwards.
A rat comes into view.
Found 8 gold pieces.
Found a faded altar of an unknown god.
There is a stone staircase leading up here.
The rat barely misses you.
You hit the rat but do no damage. The rat barely misses you.
You hit the rat but do no damage. The rat closely misses you.
The rat barely misses you.
You barely miss the rat. The rat bites you.
You hit the rat.
You kill the rat!
You now have 22 gold pieces (gained 8).
There is a faded altar of an unknown god here.
You cannot tell which god this altar belongs to.
Convert to them anyway?
Yredelemnul accepts your prayer! Yredelemnul welcomes you!
You can now animate remains.
There is a stone staircase leading up here.
You fly upwards.
There is a stone staircase leading down here.
Casting: Sandblast (safe; 4% risk of failure)
Confirm with . or Enter, or press ? or * to list all spells.
You don't know that spell.
Unknown command.
There is a stone staircase leading down here.
There is a staircase leading out of the dungeon here.
Are you sure you want to leave the Dungeon?
This will make you lose the game!
You have escaped!

#.#.#.# #.....# ##..###
### ....### ####♣.##
..#...#### ###..♣.♣.###
...#.....###..#♣.♣##..#
..........##.###..♣##.#
.............# ♣..♣ #.#
...........### ♣@♣###.#
...........# #♣# #..#
...........#########†##
...........##........#
..........##.......###
...#................#
######.###..........#
#.# ##.........# #.#
#.........#


There were no monsters in sight!

Vanquished Creatures
  A dart slug (D:1)
  A bat (D:1)
  3 endoplasms (D:1)
  2 giant cockroaches (D:1)
  A goblin (D:1)
  3 hobgoblins (D:1)
  3 quokkas (D:1)
  5 ball pythons (D:1)
  4 frilled lizards (D:1)
  4 kobolds (D:1)
  3 rats
30 creatures vanquished.

Notes
Turn   | Place    | Note
-------+----------+-------------------------------------------
     0 | D:1      | Gaff the Djinni Earth Elementalist began the quest for the
                  | Orb.
     0 | D:1      | Reached XP level 1. HP: 15/15 MP: 0/0
   320 | D:1      | Reached XP level 2. HP: 4/22 MP: 0/0
   724 | D:1      | Reached skill level 3 in Spellcasting
   868 | D:1      | Reached skill level 1 in Fighting
  1256 | D:1      | Reached XP level 3. HP: 21/27 MP: 0/0
  1256 | D:1      | Learned a level 1 spell: Corona
  1755 | D:2      | Found a faded altar of an unknown god.
  1768 | D:2      | Became a worshipper of Yredelemnul the Dark
  1768 | D:2      | Reached * piety under Yredelemnul
  1804 | D:$      | Got out of the dungeon alive.

Illustrated notes

Levels and vault maps discovered:
D:1:      pf_arrival_petrified_forest, layout_rooms, item_on_display_a
D:2:      layout_loops_cross, ebering_ecumenical_altar_abandoned, basic_altar,
          chequers_serial_rivers_micro_e

Skill      XL: |  1  2 |
---------------+-------+-----
Spellcasting   | 3 |  3.3
Fighting       | 1 |  1.2
Dodging        | |  2.2
Stealth        | |  1.7

Action                   || total
-------------------------++-------
Melee: Club              ||    85
 Cast: Sandblast         ||    24
 Stab: Sleeping          ||     1
Armor: Robe              ||    22
Dodge: Dodged            ||    76

Table legend: (Time is in decaauts)
 A = Elapsed time spent in this place.
 B = Non-inter-level travel time spent in this place.
 C = Inter-level travel time spent in this place.
 D = Time resting spent in this place.
 E = Time spent auto-exploring this place.
 F = Levels seen in this place.
 G = Mean time per level.
                   A        B        C        D        E       F      G
               +--------+--------+--------+--------+--------+-----+--------+
         Total |   1830 |   1755 |     75 |   1204 |    233 |   2 |  915.0 |
       Dungeon |   1830 |   1755 |     75 |   1204 |    233 |   2 |  915.0 |
               +--------+--------+--------+--------+--------+-----+--------+

Top non-repeatable levels by time:
     D:1: 1808 daAuts
     D:2: 21 daAuts
